 Dungeon Crawl Stone Soup version 0.19.1-1-g22dce08 (webtiles) character file.

69670 dvd the Convoker (level 14, -1/70 HPs)
             Began as a Deep Elf Summoner on Dec 31, 2016.
             Was a High Priest of Sif Muna.
             Slain by an entropy weaver (10 damage)
             ... on level 4 of the Spider Nest on Jan 13, 2017.
             The game lasted 04:13:00 (30630 turns).

dvd the Convoker (Deep Elf Summoner)               Turns: 30630, Time: 04:13:01

Health: -1/70      AC: 13    Str:  7    XL:     14   Next: 91%
Magic:  32/46      EV: 13    Int: 35    God:    Sif Muna [*****.]
Gold:   2301       SH:  0    Dex: 15    Spells: 10 memorised, 0 levels left

rFire  . . .     SeeInvis +     S - +0 mace of Ceule {drain, *Contam rPois SInv}
rCold  . . .     Gourm    .     s - +0 leather armour "Giawayn" {MP+9 Int+6}
rNeg   . . .     Faith    .     w - +0 buckler of the Quahog {rElec MR+ Str+4 Stlth+}
rPois  +         Spirit   .     I - +2 helmet {Int+3}
rElec  +         Reflect  +     v - +0 cloak
rCorr  .         Harm     .     g - +2 pair of gloves
MR     ++...                    D - +2 pair of boots
Stlth  ++........               X - +3 amulet of reflection
                                H - ring of wizardry
                                V - +4 ring of protection

@: confused, corroded, deflect missiles
A: weak 1, wild magic 1, evolution 1, MP-powered wands
a: Divine Energy, Channel Magic, Forget Spell, Renounce Religion


You were on level 4 of the Spider Nest.
You worshipped Sif Muna.
Sif Muna was extremely pleased with you.
You were hungry.

You visited 5 branches of the dungeon, and saw 27 of its levels.
You also visited: Ossuary, Bailey and Ice Cave.

You collected 2963 gold pieces.
You spent 662 gold pieces at shops.

Inventory:

Hand Weapons
 z - a +2 dagger of electrocution
 E - the +7 flail of Qazlal {freeze, -Tele *Drain rElec Dex+8}
   (You found it on level 5 of the Dungeon)

   It has been specially enchanted to freeze those struck by it, causing extra
   injury to most foes and up to half again as much damage against particularly
   susceptible opponents.
   It can also slow down cold-blooded creatures.
   It affects your dexterity (+8).
   It insulates you from electricity.
   It prevents most forms of teleportation.
   It causes draining when unequipped.
 N - a +1 lajatang of speed
 S - the +0 mace of Ceule (weapon) {drain, *Contam rPois SInv}
   (You found it on level 5 of the Lair of Beasts)

   A truly terrible weapon, it drains the life of those it strikes.
   It protects you from poison.
   It lets you see invisible.
   It causes magical contamination when unequipped.
Armour
 g - a +2 pair of gloves (worn)
 m - the +2 leather armour of Slovenliness {rElec Regen+ Int+4 Dex-2}
   (You found it on level 8 of the Dungeon)

   It affects your intelligence (+4).
   It affects your dexterity (-2).
   It insulates you from electricity.
   It increases your rate of regeneration.
 s - the +0 leather armour "Giawayn" (worn) {MP+9 Int+6}
   (You found it on level 4 of the Lair of Beasts)

   It affects your intelligence (+6).
   It affects your magic capacity (+9).
 v - a +0 cloak (worn)
 w - the +0 buckler of the Quahog (worn) {rElec MR+ Str+4 Stlth+}
   (You bought it in a shop on level 2 of the Orcish Mines)

   It affects your strength (+4).
   It insulates you from electricity.
   It affects your resistance to hostile enchantments.
   It makes you more stealthy.
 x - a +2 robe of cold resistance
 y - the +1 robe of Intercession {MR+ SInv}
   (You found it on level 4 of the Dungeon)

   It affects your resistance to hostile enchantments.
   It lets you see invisible.
 D - a +2 pair of boots (worn)
 I - a +2 helmet of intelligence (worn)
 Z - a +0 robe of fire resistance
Magical Staves
 L - an uncursed staff of air
Jewellery
 q - an uncursed amulet of regeneration
 B - an uncursed ring of positive energy
 H - a ring of wizardry (right hand)
 V - a +4 ring of protection (left hand)
 X - a +3 amulet of reflection (around neck)
Wands
 r - a wand of iceblast (3/15)
 J - a wand of acid (14/15)
 O - a wand of lightning (5/15)
 W - a wand of teleportation (4/9)
Scrolls
 d - 2 scrolls of blinking
 h - 6 scrolls of recharging
 i - 7 scrolls of teleportation
 l - 2 scrolls of fog
 p - 3 scrolls of enchant weapon
 u - 16 scrolls of identify
 G - a scroll of brand weapon
 M - 11 scrolls of remove curse
 P - 2 scrolls of holy word
 Q - a scroll of enchant armour
 U - 2 scrolls of magic mapping
Potions
 b - 3 potions of flight
 e - 7 potions of curing
 f - 7 potions of brilliance
 n - a potion of might
 t - 3 potions of heal wounds
 C - a potion of resistance
 K - a potion of cure mutation
 T - a potion of haste
 Y - a potion of cancellation
Books
 a - a book of the Sky

   Spells                             Type                      Level
   a - Summon Lightning Spire         Summoning/Air                4
   b - Airstrike                      Air                          4
   c - Silence                        Hexes/Air                    5
   d - Deflect Missiles               Charms/Air                   6
   e - Conjure Ball Lightning         Conjuration/Air              6
   f - Tornado                        Air                          9
 j - a book of Death

   Spells                             Type                      Level
   a - Corpse Rot                     Necromancy                   2
   b - Sublimation of Blood           Necromancy                   2
   c - Agony                          Necromancy                   5
   d - Dispel Undead                  Necromancy                   5
   e - Excruciating Wounds            Charms/Necromancy            5
   f - Bolt of Draining               Conjuration/Necromancy       5
 F - Sif Muna's Papyrus of Creation and Curses
   (Sif Muna gifted it to you on level 1 of the Spider Nest)

   Spells                             Type                      Level
   a - Ensorcelled Hibernation        Hexes/Ice                    2
   b - Call Imp                       Summoning                    2
   c - Summon Lightning Spire         Summoning/Air                4
   d - Summon Mana Viper              Hexes/Summoning              5
   e - Aura of Abjuration             Summoning                    5
   f - Summon Demon                   Summoning                    5
   g - Summon Horrible Things         Summoning                    8
 R - Sif Muna's Compendium of the Mountains and the Escort
   (Sif Muna gifted it to you on level 12 of the Dungeon)

   Spells                             Type                      Level
   a - Summon Butterflies             Summoning                    1
   b - Call Canine Familiar           Summoning                    3
   c - Summon Ice Beast               Ice/Summoning                4
   d - Shatter                        Earth                        9
   e - Dragon's Call                  Summoning                    9
Comestibles
 c - 15 bread rations
 k - 14 meat rations
 o - 10 slices of pizza
 A - 44 fruits


   Skills:
 + Level 1.2 Fighting
 + Level 0.8 Short Blades
 + Level 2.7 Maces & Flails
 + Level 2.3 Armour
 + Level 4.4 Dodging
 + Level 6.3 Stealth
 + Level 4.0 Shields
 + Level 17.2 Spellcasting
   Level 0.4 Conjurations
   Level 1.0 Hexes
 + Level 5.1 Charms
 * Level 18.6 Summonings
 + Level 3.9 Necromancy
 + Level 3.7 Translocations
   Level 6.0 Ice Magic
 + Level 7.1 Air Magic


You couldn't memorise any spells.
You knew the following spells:

 Your Spells              Type           Power        Failure   Level  Hunger
a - Summon Hydra          Summ           ########..   1%          7    ###....
b - Summon Forest         Summ/Tloc      #######...   1%          5    None
c - Call Canine Familiar  Summ           ########     1%          3    None
d - Summon Demon          Summ           ########..   1%          5    None
e - Summon Lightning Spi  Summ/Air       ########     1%          4    None
f - Deflect Missiles      Chrm/Air       #######...   13%         6    None
g - Blink                 Tloc           N/A          1%          2    None
h - Monstrous Menagerie   Summ           ########..   1%          7    ###....
i - Animate Dead          Necr           N/A          2%          4    None
j - Airstrike             Air            #######...   1%          4    None


Dungeon Overview and Level Annotations

Branches:
Dungeon (14/15)            Temple (1/1) D:4            Lair (6/6) D:8
  Swamp (0/4) Lair:4       Spider (4/4) Lair:4        Slime (0/5) Lair:5
    Orc (2/2) D:9             Elf (0/3) Orc:2        Vaults (0/5) D:13

Altars:
Ashenzari
Cheibriados
Dithmenos
Elyvilon
Fedhas
Gozag
Hepliaklqana
Kikubaaqudgha
Makhleb
Nemelex Xobeh
Okawaru
Qazlal
Ru
Sif Muna
Trog
Uskayaw
Vehumet
Xom
Yredelemnul
Zin
The Shining One
Beogh

Shops:
D:8 [   D:9 ?   D:14 }   Orc:2 (=[*

Annotations:
Spider:4 Kirke


Innate Abilities, Weirdness & Mutations

You are weak. (Str -2)
Your spells are a little harder to cast, but a little more powerful.
You evolve.
You expend magic power (3 MP) to strengthen your wands.


Message History

The entropy weaver completely misses you.
The entropy weaver hits you.
* * * LOW HITPOINT WARNING * * *
Your four-headed hydra barely misses the entropy weaver.
Your four-headed hydra bites the entropy weaver! x2
Your four-headed hydra bites the entropy weaver.
You feel much better.
Trunks creak and shift.
The tarantella bites you!
The tarantella bites you but does no damage.
The tarantella misses you.
The ghost moth hits you but does no damage.
The ghost moth hits you!
* * * LOW HITPOINT WARNING * * *
The ghost moth stings you but does no damage.
The entropy weaver hits you but does no damage.
The entropy weaver hits you.
* * * LOW HITPOINT WARNING * * *
The entropy weaver hits you!
You die...

# ## ♣♣ ..### $#♣.....
♣# ^#....?# #♣♣♣.♣#
#.♣...#. ♣.....♣#♣
.†...... ........#
^....♣ .♣....^.#
D.#♣... ...♣.≈y≈## ♣.#
#^≈≈@s# ..../.^..
♣..Rssa.^♣
§........#......s.D...#
s♣.♣...#...^....#.....#
....♣...#...#..♣ .#...#
.......#.♣. ♣.. ...♣.#
♣.....^... ... .. ..#
.^...... .?#. ^#...#


You could see a ghost moth (invisible), an entropy weaver, a jumping spider, 3
tarantellas, a friendly four-headed hydra and a friendly dryad (confused).

Vanquished Creatures
  A ghost moth (Spider:1)
  An unseen horror (D:13)
  An orb spider (Spider:1)
  3 redbacks
  A yak (Lair:1)
  A spriggan (Lair:1)
  A tarantella (Spider:1)
  A porcupine (Lair:1)
  An ice beast (D:8)
  A black bear (D:9)
  A phantom (D:9)
  A wolf (IceCv)
  A big kobold (D:12)
  An elf skeleton (D:6)
  2 bullfrogs
  A howler monkey (D:12)
  2 electric eels
  2 crimson imps (D:7)
  An orc wizard (D:10)
  A worker ant (D:12)
  2 adders
  A hound simulacrum (D:8)
  A dart slug (D:2)
  A leopard gecko (D:3)
  12 orcs
  A hobgoblin (D:3)
  2 ball pythons
  3 bats
  A kobold skeleton (Ossuary)
  An orc skeleton (D:6)
  A rat (D:8)
51 creatures vanquished.

Vanquished Creatures (collateral kills)
  Rupert (D:14)
  Agnes (Spider:3)
  A frost giant (IceCv)
  An orc warlord (Orc:2)
  An emperor scorpion (Spider:2)
  2 entropy weavers
  The ghost of Trampli the Fencer, a journeyman MiFi of Okawaru (Orc:2)
  5 hydras
  A vault guard (D:13)
  3 catoblepae (Lair:6)
  A dancing weapon (Orc:2)
  The ghost of Alarkh the Cleaver, a novice DrSk of Okawaru (Bailey)
  17 death yaks
  2 orc high priests
  3 hill giants
  3 wizards (D:13)
  Pikel (D:5)
  2 deep elf archers
  8 deep elf magi (Bailey)
  The ghost of Haldmier the Grappler, a novice VSTm of Fedhas (D:7)
  An oklob plant (Lair:4)
  10 orb spiders
  2 orc sorcerers (Orc:2)
  2 ugly things
  26 wolf spiders
  3 orc knights (Orc:2)
  6 cyclopes
  3 manticores
  5 elephants (Lair:6)
  5 black mambas
  2 rust devils (D:7)
  An ice statue (IceCv)
  Psyche (D:9)
  5 torpor snails
  2 centaur skeletons (D:12)
  2 rime drakes (D:11)
  14 spiny frogs
  10 demonic crawlers
  A kobold demonologist (D:12)
  4 komodo dragons
  A tengu conjurer (D:13)
  The ghost of PinkishYellow the Chopper, an amateur HOFi of Makhleb (D:4)
  A queen bee (shapeshifter) (D:14)
  16 polar bears
  5 trolls
  2 two-headed ogres (D:13)
  15 jumping spiders
  A hornet (Spider:2)
  5 blink frogs (Lair:3)
  A meliai zombie (D:13)
  5 hippogriffs
  52 redbacks
  A shapeshifter (D:13)
  7 spriggans (Lair:1)
  2 wyverns (D:12)
  5 basilisks
  A wraith (Ossuary)
  3 hogs (D:7)
  81 yaks
  30 tarantellas
  21 humans
  Menkaure (D:6)
  A warg (Orc:2)
  A hungry ghost (D:13)
  8 vampire mosquitoes
  A mottled dragon (D:13)
  Edmund (D:6)
  5 water moccasins
  10 porcupines
  Duvessa (D:6)
  33 orc warriors
  4 slaves (D:5)
  A necrophage (D:10)
  5 ice beasts
  6 sky beasts
  A black bear (D:12)
  2 eyes of draining
  9 centaurs
  29 wolves
  5 phantoms
  4 ogres
  20 crocodiles
  A big kobold (D:8)
  18 bullfrogs
  A wyvern zombie (D:9)
  Dowan (D:6)
  2 elf skeletons (D:6)
  A scorpion (D:4)
  2 wyvern skeletons
  5 killer bees (D:13)
  4 wights (D:9)
  8 electric eels
  3 crimson imps
  A bullfrog zombie (D:5)
  2 centaur zombies
  22 orc priests
  5 hounds
  2 jellies
  24 orc wizards
  A bullfrog skeleton (D:12)
  3 iguanas
  3 worker ants
  A bullfrog simulacrum (D:8)
  A mummy (Ossuary)
  2 worker ant zombies
  13 adders
  10 gnolls
  3 river rats (D:8)
  A shadow imp (D:6)
  2 white imps (D:8)
  A worker ant simulacrum (D:8)
  An ufetubus (D:8)
  3 oozes
  2 adder zombies (D:5)
  2 worms (D:3)
  A dart slug (D:1)
  An adder simulacrum (D:8)
  6 leopard geckos
  86 orcs
  13 bats
  4 giant cockroaches
  6 goblins
  4 hobgoblins
  8 jackals
  16 kobolds
  7 quokkas
  2 ball pythons
  6 frilled lizards
  11 gnoll skeletons (Ossuary)
  3 kobold skeletons (Ossuary)
  A leopard gecko skeleton (D:6)
  10 orc skeletons
  An orc zombie (D:6)
  9 rats
  A bush (Lair:6)
  22 fungi
  28 plants
962 creatures vanquished.

Vanquished Creatures (others)
  An ugly thing (D:11)
  A human (D:6)
  2 bushes
  7 fungi
  19 plants
  9 snaplasher vines
39 creatures vanquished.

Grand Total: 1052 creatures vanquished

Notes
Turn   | Place    | Note
-------+----------+-------------------------------------------
     0 | D:1      | dvd the Deep Elf Summoner began the quest for the Orb.
     0 | D:1      | Reached XP level 1. HP: 10/10 MP: 6/6
   262 | D:1      | Reached XP level 2. HP: 15/15 MP: 5/8
   275 | D:1      | Learned a level 2 spell: Call Imp
   950 | D:2      | Reached skill level 5 in Summonings
  1310 | D:2      | Found a bloodstained altar of Trog.
  1410 | D:2      | Reached XP level 3. HP: 19/19 MP: 10/10
  1910 | D:3      | Learned a level 3 spell: Call Canine Familiar
  2313 | D:3      | Reached XP level 4. HP: 23/24 MP: 9/12
  2586 | D:3      | Found a glowing golden altar of the Shining One.
  2589 | D:3      | Found an ancient bone altar of Kikubaaqudgha.
  2592 | D:3      | Found a hazy altar of Hepliaklqana.
  2923 | D:4      | Got a shimmering robe
  2934 | D:4      | Identified the +1 robe of Intercession {MR+ SInv} (You found it on level 4 of the Dungeon)
  3038 | D:4      | Noticed PinkishYellow's ghost (amateur HOFi)
  3131 | D:4      | Killed PinkishYellow's ghost
  3131 | D:4      | Reached skill level 5 in Spellcasting
  3131 | D:4      | Reached XP level 5. HP: 28/28 MP: 0/15
  3139 | D:4      | Learned a level 4 spell: Summon Ice Beast
  3550 | D:4      | Reached skill level 6 in Summonings
  3699 | D:4      | Reached XP level 6. HP: 32/32 MP: 4/16
  3705 | D:4      | Learned a level 4 spell: Summon Lightning Spire
  3799 | D:4      | Found a staircase to the Ecumenical Temple.
  3821 | Temple   | Entered the Ecumenical Temple
  3905 | Temple   | Became a worshipper of Sif Muna the Loreminder
  3941 | D:4      | Found a white marble altar of Elyvilon.
  4175 | D:5      | Entered Level 5 of the Dungeon
  4317 | D:5      | Noticed Pikel
  4317 | D:5      | Noticed a slave
  4318 | D:5      | Noticed a slave
  4320 | D:5      | Noticed a slave
  4324 | D:5      | Noticed a slave
  4326 | D:5      | Killed a slave
  4326 | D:5      | Killed a slave
  4326 | D:5      | Killed a slave
  4326 | D:5      | Killed a slave
  4329 | D:5      | Killed Pikel
  4329 | D:5      | Reached XP level 7. HP: 36/36 MP: 13/18
  4440 | D:5      | Reached skill level 7 in Summonings
  5070 | D:5      | Got a polished flail
  5071 | D:5      | Identified the +7 flail of Qazlal {freeze, -Tele *Drain rElec Dex+8} (You found it on level 5 of the Dungeon)
  5258 | D:6      | Noticed Duvessa
  5258 | D:6      | Noticed Dowan
  5264 | D:6      | Reached * piety under Sif Muna
  5275 | D:6      | Noticed Edmund
  5294 | D:6      | Killed Duvessa
  5305 | D:6      | Killed Edmund
  5305 | D:6      | Reached skill level 1 in Air Magic
  5306 | D:6      | Killed Dowan
  5366 | D:6      | Noticed Menkaure
  5376 | D:6      | Killed Menkaure
  5376 | D:6      | Reached skill level 8 in Summonings
  5376 | D:6      | Reached XP level 8. HP: 41/41 MP: 2/21
  5588 | D:6      | Found a sand-covered staircase.
  5633 | Ossuary  | Entered an ossuary
  5776 | Ossuary  | Reached skill level 1 in Maces & Flails
  5952 | D:6      | Found an ancient bone altar of Kikubaaqudgha.
  6175 | D:6      | Learned a level 3 spell: Summon Guardian Golem
  6336 | D:7      | Reached ** piety under Sif Muna
  6744 | D:7      | Noticed Haldmier's ghost (novice VSTm)
  6767 | D:7      | Killed Haldmier's ghost
  6767 | D:7      | Reached skill level 9 in Summonings
  6790 | D:7      | Reached skill level 1 in Hexes
  6882 | D:7      | Found a blossoming altar of Fedhas.
  7137 | D:7      | Reached *** piety under Sif Muna
  7137 | D:7      | Reached XP level 9. HP: 46/46 MP: 13/23
  7145 | D:7      | Reached skill level 5 in Stealth
  7376 | D:8      | Found Olod's Armour Boutique.
  7387 | D:8      | Bought a +0 helmet of intelligence for 149 gold pieces
  7547 | D:8      | Found a staircase to the Lair.
  7722 | D:8      | Reached skill level 10 in Summonings
  7753 | D:8      | Noticed a polar bear
  7770 | D:8      | Killed a polar bear
  7842 | D:8      | Noticed a polar bear
  7856 | D:8      | Killed a polar bear
  7856 | D:8      | Reached skill level 10 in Spellcasting
  8087 | D:8      | Got a translucent leather armour
  8098 | D:8      | Identified the +2 leather armour of Slovenliness {rElec Regen+ Int+4 Dex-2} (You found it on level 8 of the Dungeon)
  8240 | D:8      | Reached **** piety under Sif Muna
  8244 | D:8      | Noticed an angel
  8254 | D:8      | Found a glowing silver altar of Zin.
  8259 | D:8      | Found a shimmering altar of Xom.
  8618 | D:7      | Noticed a rust devil
  8618 | D:7      | Noticed a rust devil
  8813 | D:9      | Found a shattered altar of Ashenzari.
  8824 | D:9      | Noticed a troll
  8834 | D:9      | Killed a troll
  8885 | D:9      | Found a radiant altar of Vehumet.
  9019 | D:9      | Found a staircase to the Orcish Mines.
  9176 | D:9      | Reached skill level 11 in Summonings
  9519 | D:9      | Noticed Psyche
  9523 | D:9      | Killed Psyche
  9523 | D:9      | Reached XP level 10. HP: 51/51 MP: 17/26
  9550 | D:9      | Found a burning altar of Makhleb.
  9683 | D:9      | Found Peuf's Magic Scroll Shop.
  9721 | D:10     | Entered Level 10 of the Dungeon
  9795 | D:10     | Reached ***** piety under Sif Muna
  9953 | D:10     | Identified Othob's Compendium of Evil Dislocation (Sif Muna gifted it to you on level 10 of the Dungeon)
  9953 | D:10     | Received a gift from Sif Muna
  9961 | D:10     | Learned a level 5 spell: Summon Forest
  9962 | D:10     | Noticed a hill giant
  9967 | D:10     | Killed a hill giant
 10337 | Lair:1   | Entered Level 1 of the Lair of Beasts
 10337 | Lair:1   | Noticed a four-headed hydra
 10344 | Lair:1   | Killed a four-headed hydra
 10667 | Lair:1   | Noticed a black mamba
 10682 | Lair:1   | Killed a black mamba
 10709 | Lair:1   | Reached skill level 12 in Summonings
 10712 | Lair:1   | Noticed a black mamba
 10714 | Lair:1   | Killed a black mamba
 10822 | Lair:1   | Learned a level 2 spell: Repel Missiles
 10826 | Lair:1   | Learned a level 2 spell: Blink
 10849 | Lair:1   | Noticed a spiny frog
 10853 | Lair:1   | Killed a spiny frog
 10912 | Lair:1   | Noticed a spiny frog
 10919 | Lair:1   | Killed a spiny frog
 10925 | Lair:1   | Noticed a spiny frog
 10930 | Lair:1   | Killed a spiny frog
 10930 | Lair:1   | Reached skill level 5 in Ice Magic
 10932 | Lair:1   | Noticed a seven-headed hydra
 10932 | Lair:1   | Reached skill level 1 in Translocations
 10933 | Lair:1   | Reached XP level 11. HP: 55/55 MP: 12/28
 10940 | Lair:1   | Identified Mudducon's Almanac of the Supportive Compass (Sif Muna gifted it to you on level 1 of the Lair of Beasts)
 10940 | Lair:1   | Received a gift from Sif Muna
 10944 | Lair:1   | Killed a seven-headed hydra
 10961 | Lair:1   | Learned a level 7 spell: Summon Hydra
 10969 | Lair:1   | Learned a level 7 spell: Monstrous Menagerie
 11706 | Lair:2   | Reached skill level 1 in Fighting
 11706 | Lair:2   | Reached skill level 13 in Summonings
 11897 | Lair:2   | Noticed a five-headed hydra
 11905 | Lair:2   | Killed a five-headed hydra
 13090 | Lair:3   | Noticed an eight-headed hydra
 13095 | Lair:3   | Killed an eight-headed hydra
 13359 | Lair:3   | Noticed a seven-headed hydra
 13364 | Lair:3   | Killed a seven-headed hydra
 13364 | Lair:3   | Reached skill level 5 in Air Magic
 13375 | Lair:3   | Reached skill level 14 in Summonings
 13683 | Lair:4   | Noticed an orb spider
 13694 | Lair:4   | Killed an orb spider
 13696 | Lair:4   | Found a hole to the Spider Nest.
 13777 | Lair:4   | Noticed an oklob plant
 14035 | Lair:4   | Killed an oklob plant
 14144 | Lair:4   | Found a staircase to the Swamp.
 14482 | Lair:4   | Got a twisted leather armour
 14493 | Lair:4   | Identified the cursed +0 leather armour "Giawayn" {MP+9 Int+6} (You found it on level 4 of the Lair of Beasts)
 14671 | Lair:4   | Got an opal-encrusted chain mail
 14683 | Lair:4   | Identified the +1 chain mail "Nawio" {Str+3 Int+5 Stlth-} (You found it on level 4 of the Lair of Beasts)
 15058 | Lair:5   | Noticed a death yak
 15060 | Lair:5   | Noticed a death yak
 15060 | Lair:5   | Noticed a death yak
 15060 | Lair:5   | Noticed a death yak
 15071 | Lair:5   | Killed a death yak
 15071 | Lair:5   | Identified Sif Muna's Grimoire of Confrontation (Sif Muna gifted it to you on level 5 of the Lair of Beasts)
 15071 | Lair:5   | Received a gift from Sif Muna
 15073 | Lair:5   | Killed a death yak
 15073 | Lair:5   | Reached XP level 12. HP: 48/60 MP: 30/31
 15076 | Lair:5   | Killed a death yak
 15078 | Lair:5   | Killed a death yak
 15110 | Lair:5   | Got a bloodstained mace
 15111 | Lair:5   | Identified the cursed +0 mace of Ceule {drain, *Contam rPois SInv} (You found it on level 5 of the Lair of Beasts)
 15116 | Lair:5   | Found a staircase to the Slime Pits.
 15741 | Lair:6   | Entered Level 6 of the Lair of Beasts
 15747 | Lair:6   | Reached skill level 1 in Armour
 15963 | Lair:6   | Reached skill level 15 in Summonings
 16434 | Lair:6   | Noticed a catoblepas
 16446 | Lair:6   | Killed a catoblepas
 16620 | Lair:6   | Noticed a death yak
 16621 | Lair:6   | Noticed a death yak
 16624 | Lair:6   | Noticed a death yak
 16625 | Lair:6   | Noticed a death yak
 16628 | Lair:6   | Killed a death yak
 16629 | Lair:6   | Noticed a death yak
 16629 | Lair:6   | Noticed a death yak
 16631 | Lair:6   | Killed a death yak
 16632 | Lair:6   | Noticed a death yak
 16634 | Lair:6   | Killed a death yak
 16637 | Lair:6   | Noticed a death yak
 16637 | Lair:6   | Killed a death yak
 16639 | Lair:6   | Noticed a death yak
 16644 | Lair:6   | Killed a death yak
 17235 | Lair:6   | Noticed a catoblepas
 17238 | Lair:6   | Noticed a death yak
 17241 | Lair:6   | Noticed a death yak
 17245 | Lair:6   | Killed a death yak
 17283 | Lair:6   | Killed a death yak
 17333 | Lair:6   | Killed a death yak
 17333 | Lair:6   | Identified Sif Muna's Collected Works on Malediction (Sif Muna gifted it to you on level 6 of the Lair of Beasts)
 17333 | Lair:6   | Received a gift from Sif Muna
 17352 | Lair:6   | Killed a death yak
 17569 | Lair:6   | Killed a catoblepas
 17599 | Lair:6   | Gained mutation: Your movements are slightly less encumbered by armour. (ER -2) [potion of mutation]
 17599 | Lair:6   | Gained mutation: You are weak. (Str -2) [potion of mutation]
 17599 | Lair:6   | Gained mutation: You expend magic power (3 MP) to strengthen your wands. [potion of mutation]
 17615 | Lair:6   | Noticed a death yak
 17615 | Lair:6   | Noticed a death yak
 17646 | Lair:6   | Killed a death yak
 17646 | Lair:6   | Reached skill level 16 in Summonings
 17776 | Lair:6   | Noticed a catoblepas
 17796 | Lair:6   | Killed a catoblepas
 17802 | Lair:6   | Killed a death yak
 18214 | D:7      | Got a jewelled plate armour
 18243 | D:7      | Identified the +3 plate armour "Jusched" {rC+ Regen+ Str+5 Dex-4} (You found it on level 7 of the Dungeon)
 18372 | Orc:1    | Entered Level 1 of the Orcish Mines
 18445 | Orc:2    | Entered Level 2 of the Orcish Mines
 18452 | Orc:2    | Noticed Trampli's ghost (journeyman MiFi)
 18460 | Orc:2    | Killed Trampli's ghost
 18608 | Orc:1    | Found a roughly hewn altar of Beogh.
 18658 | Orc:1    | Found a flagged portal.
 18664 | Orc:1    | Noticed an orc high priest
 18670 | Orc:1    | Killed an orc high priest
 18797 | Bailey   | Entered a bailey
 18810 | Bailey   | Reached XP level 13. HP: 43/64 MP: 33/33
 18868 | Bailey   | Noticed Alarkh's ghost (novice DrSk)
 18880 | Bailey   | Killed Alarkh's ghost
 18984 | Bailey   | Identified the Collected Works on Shape Shifting and the Traveller
 19354 | Orc:2    | Found a staircase to the Elven Halls.
 19535 | Orc:2    | Reached skill level 15 in Spellcasting
 19782 | Orc:2    | Found a roughly hewn altar of Beogh.
 19782 | Orc:2    | Noticed an orc warlord
 19797 | Orc:2    | Killed an orc warlord
 19804 | Orc:2    | Identified Sif Muna's Tome of Doomed Malediction (Sif Muna gifted it to you on level 2 of the Orcish Mines)
 19804 | Orc:2    | Received a gift from Sif Muna
 19881 | Orc:2    | Learned a level 4 spell: Animate Dead
 19903 | Orc:2    | Found Ilioprec's Antique Weapon Emporium.
 19928 | Orc:2    | Found Tudghila's Jewellery Emporium.
 19944 | Orc:2    | Found Duqaxeck's General Store.
 19960 | Orc:2    | Found Yfaptumn's Antique Armour Emporium.
 19968 | Orc:2    | Bought a jewelled buckler for 313 gold pieces
 19980 | Orc:2    | Identified the +0 buckler of the Quahog {rElec MR+ Str+4 Stlth+} (You bought it in a shop on level 2 of the Orcish Mines)
 20547 | Orc:2    | Bought an uncursed ring of positive energy for 200 gold pieces
 20826 | D:11     | Found a frozen archway.
 20907 | IceCv    | Entered an ice cave
 21032 | IceCv    | Reached skill level 17 in Summonings
 21720 | IceCv    | Noticed a frost giant
 21841 | IceCv    | Reached skill level 1 in Necromancy
 21878 | IceCv    | Killed a frost giant
 22022 | D:11     | Learned a level 4 spell: Throw Icicle
 22856 | D:12     | Reached skill level 1 in Shields
 23094 | D:12     | Identified Sif Muna's Compendium of the Mountains and the Escort (Sif Muna gifted it to you on level 12 of the Dungeon)
 23094 | D:12     | Received a gift from Sif Muna
 24297 | D:13     | Reached skill level 1 in Charms
 24309 | D:13     | Reached XP level 14. HP: 70/70 MP: 24/36
 24350 | D:13     | Found a gate to the Vaults.
 24523 | D:14     | Found Geshe's Gadget Emporium.
 24647 | D:14     | Noticed Rupert
 25014 | D:14     | Lost mutation: Your movements are slightly less encumbered by armour. (ER -2) [mutagenic meat]
 25240 | D:14     | Killed Rupert
 25624 | Spider:1 | Entered Level 1 of the Spider Nest
 25651 | Spider:1 | Noticed a ghost moth
 26204 | Spider:1 | Reached skill level 18 in Summonings
 26938 | Spider:1 | Killed a ghost moth
 26938 | Spider:1 | Identified Sif Muna's Papyrus of Creation and Curses (Sif Muna gifted it to you on level 1 of the Spider Nest)
 26938 | Spider:1 | Received a gift from Sif Muna
 26945 | Spider:1 | Learned a level 4 spell: Airstrike
 27110 | Spider:1 | Learned a level 6 spell: Deflect Missiles
 28481 | Spider:2 | Noticed an entropy weaver
 28492 | Spider:2 | Killed an entropy weaver
 28826 | Spider:2 | Noticed an emperor scorpion
 28850 | Spider:2 | Killed an emperor scorpion
 29524 | Spider:3 | Gained mutation: You evolve. [potion of mutation]
 29528 | Spider:3 | Reached skill level 5 in Charms
 30267 | Spider:3 | Learned a level 5 spell: Summon Demon
 30285 | Spider:4 | Entered Level 4 of the Spider Nest
 30285 | Spider:4 | Noticed an entropy weaver
 30290 | Spider:4 | Killed an entropy weaver
 30297 | Spider:4 | Noticed Agnes
 30297 | Spider:4 | Got a tiger eye-encrusted chain mail
 30302 | Spider:4 | Noticed Kirke
 30419 | Spider:3 | Killed Agnes
 30571 | Spider:3 | Identified the cursed +1 chain mail "Sanuw" {rF- rC+ Regen+ MP+9} (You found it on level 4 of the Spider Nest)
 30603 | Spider:3 | Gained mutation: Your spells are a little harder to cast, but a little more powerful. [evolution]
 30624 | Spider:4 | Noticed a ghost moth
 30626 | Spider:4 | Noticed an entropy weaver
 30630 | Spider:4 | Slain by an entropy weaver

Skill      XL: |  1  2  3  4  5  6  7  8  9 10 11 12 13 14 |
---------------+-------------------------------------------+-----
Summonings     | 5 6 8 9 11 12 14 16 17 18 | 18.6
Spellcasting   | 4 5 6 7 8 10 11 13 14 16 17 | 17.2
Stealth        | 3 4 5 6 |  6.3
Ice Magic      | 2 3 5 6 |  6.0
Air Magic      | 1 2 3 4 5 6 7 |  7.1
Maces & Flails | 1 2 |  2.7
Hexes          | 1 |  1.0
Dodging        | 3 4 |  4.4
Translocations | 1 2 3 |  3.7
Fighting       | 1 |  1.2
Armour         | 1 2 |  2.3
Necromancy     | 2 3 |  3.9
Shields        | 2 4 |  4.0
Charms         | 1 5 |  5.1
Short Blades   | |  0.8
Conjurations   | |  0.4

Action                   |  1- 3 |  4- 6 |  7- 9 | 10-12 | 13-15 || total
-------------------------+-------+-------+-------+-------+-------++-------
Melee: Dagger            |     6 |    15 |     9 |    29 |       ||    59
       Flail             |       |       |    50 |    15 |       ||    65
       Rapier            |       |       |     1 |       |       ||     1
       Mace              |       |       |       |    18 |    80 ||    98
 Cast: Summon Small Mamm |    51 |     8 |       |       |       ||    59
       Call Imp          |    22 |    13 |       |       |       ||    35
       Call Canine Famil |     5 |    15 |    23 |     9 |    26 ||    78
       Summon Ice Beast  |       |     4 |    45 |    29 |    19 ||    97
       Summon Lightning  |       |     3 |    63 |    85 |   111 ||   262
       Summon Guardian G |       |       |     5 |       |       ||     5
       Summon Forest     |       |       |       |    34 |    33 ||    67
       Repel Missiles    |       |       |       |     1 |     1 ||     2
       Summon Hydra      |       |       |       |    70 |    78 ||   148
       Blink             |       |       |       |    14 |    10 ||    24
       Monstrous Menager |       |       |       |     6 |    30 ||    36
       Animate Dead      |       |       |       |       |    72 ||    72
       Throw Icicle      |       |       |       |       |    14 ||    14
       Airstrike         |       |       |       |       |    17 ||    17
       Summon Demon      |       |       |       |       |     1 ||     1
       Deflect Missiles  |       |       |       |       |     1 ||     1
Invok: Divine Energy     |       |       |     3 |     1 |     5 ||     9
       Stop Divine Energ |       |       |     3 |     1 |     5 ||     9
       Forget Spell      |       |       |       |     1 |     3 ||     4
       Channel Magic     |       |       |       |       |     1 ||     1
Evoke: Wand              |       |       |       |     3 |       ||     3
  Use: Scroll            |     2 |       |    18 |     6 |     9 ||    35
       Potion            |     1 |       |     9 |     4 |     4 ||    18
 Stab: Sleeping          |     1 |     4 |     3 |     2 |     2 ||    12
       Distracted        |       |     1 |     2 |     2 |     3 ||     8
       Confused          |       |       |       |     1 |       ||     1
  Eat: Chunk             |     5 |     8 |    19 |    49 |    35 ||   116
       Beef jerky        |       |       |     1 |       |     5 ||     6
       Royal jelly       |       |       |       |     2 |     1 ||     3
       Fruit             |       |       |       |       |     2 ||     2
       Pizza             |       |       |       |       |     5 ||     5
Armor: Robe              |     6 |     9 |    11 |    23 |    15 ||    64
       Leather armour    |       |       |    12 |     9 |    85 ||   106
Dodge: Dodged            |    23 |    18 |    53 |    62 |   126 ||   282
       Deflected         |       |       |       |     5 |    13 ||    18
Block: Buckler           |     1 |       |       |       |    61 ||    62
       Reflection        |       |       |       |       |     3 ||     3
